Map: Star Crafts Mod

Players

Infamous

  • Race: Protoss Protoss
  • League: Gold
  • Spawn Location: 3:00

Player 2 - Winner!

  • Race: Protoss Protoss
  • Spawn Location: 6:00

VOD

Have the link to the VOD?

Description

Time

  • Played on: April 13, 2018, 6:49 p.m.
  • Length: 3:38
Show
View Real Time Build Order
Export as new Build Order

Infamous Protoss 

Build Orders:  

Get SALT Encoding   

  12  0:02  Probe  
  13  0:18  Pylon  
  13  0:21  Probe (Chrono Boost)  
  14  0:31  Probe (Chrono Boost)  
  15  0:38  Gateway  
  15  0:40  Probe  
  16  0:52  Probe  
  17  0:58  Assimilator  
  17  1:12  Probe  
  18  1:24  Probe (Chrono Boost)  
  19  1:25  Cybernetics Core  
  19  1:35  Probe (Chrono Boost)  
  20  1:40  Probe (Chrono Boost)  
  21  1:49  Assimilator  
  21  1:51  Probe  
  21  1:53  Pylon  
  22  2:11  Zealot (Chrono Boost)  
  24  2:17  Probe  
  25  2:33  Stalker (Chrono Boost)  
  27  2:37  Probe  
  28  3:00  Probe  
  29  3:13  Robotics Facility  
  29  3:14  Probe  
Show
View Real Time Build Order
Export as new Build Order

Player 2 Protoss - Winner!

Build Orders: Nexus First 

Get SALT Encoding   

  12  0:00  Probe  
  13  0:13  Probe  
  14  0:20  Pylon  
  14  0:51  Nexus  
  14  0:57  Assimilator  
  14  1:09  Gateway  
  14  1:16  Assimilator  
  14  1:23  Probe  
  14  1:26  Pylon  
  14  1:31  Probe  
  16  1:40  Probe  
  17  1:51  Probe  
  18  2:00  Probe  
  18  2:01  Cybernetics Core  
  19  2:08  Probe  
  20  2:34  Pylon  
  20  2:41  Stargate  
  20  2:55  Probe  
  21  2:59  Probe  
  22  3:15  Robotics Facility  
Tags
 
League
Gold
Matchup
PvP
Replay Pack
Last Remnant (2)
Spawn Locations
Close Positions
Add a new tag
Caveats
  • Supply blocks, unpowered buildings, or Contaminate may cause inaccurate times.
  • Supply counts are checked every 10 seconds.